AoeStats
← Herby

Black Forest

505388969Analyzed
4v4 RM · 23d ago on Sep 9, 2026· 38m 46s· 8 players
Game mode
Random Map
Map size
Large (8 player)
Population
200
Speed
Normal
Resources
Standard
Victory
Conquest
Starting age
Dark Age
Ending age
Imperial Age
RankedLock teamsTeams togetherTeam positionsShared explorationLock speedFull tech treeHidden civsTurbo modeCheats
Victory
Defeat
🇦🇺 Bohemians · Australia
1564
+11
🇦🇷 Mongols · Argentina
1486
+14
🇧🇷 Sicilians · Brazil
1454
+16
🇦🇷 Celts · Argentina
1436
+16
🇲🇽 Persians · Mexico
1487
-16
🇲🇽 Saracens · Mexico
1446
-14
🇲🇽 Romans · Mexico
1435
-14
🇲🇽 Khmer · Mexico
1425
-13
sgt peppers s
3:14 Loom
10:57 Feudal Age
15:25 Castle Age
14:27 Horse Collar
15:42 Double-Bit Axe
16:42 Wheelbarrow
16:45 Bow Saw
21:32 Heavy Plow
22:48 Hand Cart
27:36 Gold Mining
27:40 Stone Mining
32:43 Imperial Age
30:51 Gold Shaft Mining
30:53 Stone Shaft Mining
30:40 Squires
30:54 Scale Barding Armor
32:00 Chain Barding Armor
31:52 Forging
31:58 Bloodlines
31:48 Husbandry
33:24 Conscription
32:27 Elite War Elephant
35:52 Plate Barding Armor
35:53 Iron Casting
38:20 Masonry
39:33 Blast Furnace
[GDL] ColimoteStudioS
6:09 Loom
9:13 Feudal Age
11:59 Fletching
20:35 Padded Archer Armor
23:20 Castle Age
21:27 Double-Bit Axe
22:23 Horse Collar
22:36 Gold Mining
24:40 Wheelbarrow
24:22 Bow Saw
24:57 Town Watch
25:26 Crossbowman
26:43 Bodkin Arrow
28:20 Ballistics
28:13 Town Watch
29:19 Heavy Plow
30:11 Stone Mining
30:43 Scale Barding Armor
32:31 Bloodlines
32:22 Husbandry
32:42 Forging
35:12 Thumb Ring
38:54 Imperial Age
38:28 Gold Shaft Mining
Herby
2:54 Loom
10:49 Feudal Age
15:07 Castle Age
13:35 Double-Bit Axe
15:08 Gold Mining
17:14 Bow Saw
22:06 Wheelbarrow
28:18 Redemption
28:41 Hand Cart
29:06 Ballistics
30:30 Atonement
[Pb] Komodo 3000
0:52 Loom
10:55 Feudal Age
15:59 Castle Age
22:56 Scale Barding Armor
23:03 Bloodlines
25:58 Forging
28:28 Husbandry
UsK_Apocalipce
7:48 Loom
10:04 Feudal Age
10:48 Double-Bit Axe
17:22 Wheelbarrow
24:59 Castle Age
30:25 Castle Age
caizhi
10:06 Feudal Age
14:05 Castle Age
12:04 Double-Bit Axe
12:01 Horse Collar
15:18 Bow Saw
19:20 Loom
25:13 Fletching
25:25 Padded Archer Armor
26:59 Ballistics
26:36 Bodkin Arrow
27:34 Leather Archer Armor
27:58 Wheelbarrow
27:44 Husbandry
29:06 Bloodlines
29:45 Thumb Ring
34:14 Imperial Age
32:01 Hand Cart
31:35 Town Watch
34:14 Scale Barding Armor
34:19 Forging
34:59 Bracer
34:38 Light Cavalry
34:39 Elite Mangudai
35:41 Conscription
35:35 Heavy Camel Rider
37:30 Chemistry
39:10 Chain Barding Armor
39:25 Iron Casting
Mau5
10:59 Feudal Age
15:07 Castle Age
13:23 Double-Bit Axe
14:02 Horse Collar
17:48 Heavy Plow
18:06 Bow Saw
20:40 Fervor
22:22 Scale Mail Armor
26:20 Loom
26:20 Town Watch
27:10 Wheelbarrow
29:43 Imperial Age
28:02 Chain Mail Armor
29:21 Chemistry
28:56 Forging
28:35 Pikeman
29:15 Squires
29:49 Halberdier
31:44 Hand Cart
35:41 Siege Engineers
37:35 Houfnice
38:24 Wagenburg Tactics
38:40 Conscription
39:38 Plate Mail Armor
39:43 Iron Casting
Chim cu đi tắm
0:59 Loom
13:34 Feudal Age
14:30 Double-Bit Axe
16:01 Fletching
20:11 Horse Collar
22:40 Wheelbarrow
25:47 Castle Age
26:43 Bow Saw
26:36 Heavy Plow
35:30 Hand Cart
38:34 Imperial Age
36:28 Scale Mail Armor
36:39 Forging
35:51 Pikeman
37:35 Chain Mail Armor
39:23 Iron Casting
39:01 Gold Mining
Connection lost

Rejoining the realm…

Still unreachable

The connection could not be restored.

Session expired

The server has moved on; the page needs a fresh start.